 Dungeon Crawl Stone Soup version 0.28-a0-10-g964c8b829e (webtiles) character file.

Game seed: 16506269091089780720

11 bande the Shield-Bearer (level 2, -1/19 HPs)
             Began as a Gargoyle Fighter on July 25, 2021.
             Slain by a rat (3 damage)
             ... on level 1 of the Dungeon.
             The game lasted 00:00:51 (133 turns).

bande the Shield-Bearer (Gargoyle Fighter)           Turns: 133, Time: 00:00:52

Health: -1/19      AC:  9    Str: 19    XL:     2   Next: 29%
Magic:  2/2        EV:  7    Int:  8    God:
Gold:   10         SH:  9    Dex:  9    Spells: 1/1 levels left

rFire   . . .      SeeInvis .   a - +0 war axe
rCold   . . .      Faith    .   c - +0 kite shield
rNeg    + . .      Spirit   .   b - +0 scale mail
rPois   ∞          Reflect  .   (no helmet)
rElec   +          Harm     .   (no cloak)
rCorr   .          Rampage  .   (no gloves)
Will    .....                   (no boots)
Stlth   ..........              (no amulet)
HPRegen 0.06/turn               (no ring)
MPRegen 0.08/turn               (no ring)

@: no status effects
A: sickness immunity, AC +2, negative energy resistance 1, electricity
resistance, torment resistance 1, petrification resistance
a: no special abilities


You were on level 1 of the Dungeon.
You visited 1 branch of the dungeon, and saw 1 of its levels.

You collected 10 gold pieces.

Inventory:

Hand Weapons
 a - a +0 war axe (weapon)
Armour
 b - a +0 scale mail (worn)
 c - a +0 kite shield (worn)
Scrolls
 e - a scroll of identify {unknown}
 f - a scroll of noise {unknown}
Potions
 d - a potion of might


   Skills:
 + Level 3.4 Fighting
 + Level 2.1 Axes
 + Level 3.3 Armour
 + Level 3.5 Shields


You had one spell level left.
You didn't know any spells.
Your spell library contained the following spells:

 Spells                   Type           Power      Damage    Failure   Level
 Magic Dart               Conj           0%         1d3       99%         1
 Call Imp                 Summ           0%         N/A       100%        2
 Mephitic Cloud           Conj/Pois/Air  0%         N/A       100%        3


Dungeon Overview and Level Annotations

Branches:
Dungeon (1/15)

Altars:


Innate Abilities, Weirdness & Mutations

You are immune to sickness and miasma.
Your stone body is resilient. (AC +2)
You are immune to poison.
You resist negative energy. (rN+)
You are resistant to electric shocks. (rElec)
You are resistant to unholy torment.
You are immune to petrification.


Message History

You block the bat's attack. You block the rat's attack.
The rat barely misses you.
You closely miss the rat.
The rat is severely wounded.
You hit the rat but do no damage. You block the bat's attack.
You block the rat's attack. The rat bites you. x2
You closely miss the rat. You barely miss the rat.
The bat hits you but does no damage. The rat bites you but does no damage.
The rat bites you.
* * * LOW HITPOINT WARNING * * *
The rat bites you but does no damage.
You completely miss the rat.
The rat is moderately wounded.
You hit the rat but do no damage. You block the bat's attack. x2
The rat bites you.
* * * LOW HITPOINT WARNING * * *
You block the bat's attack. The rat bites you but does no damage.
The rat barely misses you. The rat bites you but does no damage.
You block the bat's attack.
You see here 16 gold pieces.
You block the bat's attack.
Things that are here:
a +0 dagger; a dart slug corpse The bat hits you but does no damage.
The rat bites you but does no damage. x2
You see here 16 gold pieces.
You hit the rat but do no damage. You closely miss the rat.
The bat hits you but does no damage. The rat barely misses you.
The rat bites you but does no damage. x3
You hit the rat.
The rat is moderately wounded.
You hit the rat.
You kill the rat!
The bat hits you.
* * * LOW HITPOINT WARNING * * *
The rat barely misses you. x2; You block the bat's attack.
You closely miss the rat.
The rat is moderately wounded.
You barely miss the bat. The bat barely misses you. You block the bat's attack.
The rat bites you.
You die...

#.. .. #..# .....
##...##### ......
.........#####.......
....................#.
!.....#..b.............
.........)..........#.#.
.......)@r..(...........
.......##..............#
........................
...........##.#†......#
......................###
...........#......###....
..................#####..
..............#.#...##...
..............#.##...


You could see a bat and a rat.

Vanquished Creatures
  2 dart slugs (D:1)
  A giant cockroach (D:1)
  A goblin (D:1)
  A kobold (D:1)
  3 rats (D:1)
8 creatures vanquished.

Notes
Turn   | Place    | Note
-------+----------+-------------------------------------------
     0 | D:1      | bande the Gargoyle Fighter began the quest for the Orb.
     0 | D:1      | Reached XP level 1. HP: 14/14 MP: 1/1
   110 | D:1      | Reached XP level 2. HP: 11/19 MP: 2/2
   133 | D:1      | Slain by a rat

Illustrated notes

Levels and vault maps discovered:
D:1:      erik_arrival_triangle_medium, layout_rooms,
          hellmonk_ecumenical_altar_slurped_away, st_stairs_11

Skill      XL: |  1  2 |
---------------+-------+-----
Axes           | 2 |  2.1
Fighting       | |  3.4
Armour         | |  3.3
Shields        | |  3.5

Action                   || total
-------------------------++-------
Melee: War axe           ||    28
Armor: Scale mail        ||    34
Dodge: Dodged            ||    19
Block: Kite shield       ||    26

Table legend: (Time is in decaauts)
 A = Elapsed time spent in this place.
 B = Non-inter-level travel time spent in this place.
 C = Inter-level travel time spent in this place.
 D = Time resting spent in this place.
 E = Time spent auto-exploring this place.
 F = Levels seen in this place.
 G = Mean time per level.
                   A        B        C        D        E       F      G
               +--------+--------+--------+--------+--------+-----+--------+
         Total |    150 |    150 |      0 |      0 |     77 |   1 |  150.0 |
       Dungeon |    150 |    150 |      0 |      0 |     77 |   1 |  150.0 |
               +--------+--------+--------+--------+--------+-----+--------+

Top non-repeatable levels by time:
     D:1: 150 daAuts
